[ AOE2 MATCH · #481292759 ]
UnrankedTurks vs Bohemians
[ REPLAY ANALYSIS · EXTRACTED FROM THE RECORDED GAME ]
Feudal
—
Castle
—
Imperial
—
| APM avg | 40.1 |
| APM peak | 102 |
| eAPM avg | 18.1 |
| Villagers / military | 118 / 71 |
Focus
⚔️ 23.4% · 🌾 76.6%
Scorpion ×40 · Bombard Cannon ×16 · Hand Cannoneer ×10 · Mangonel ×5 · Trade Cart ×4
Feudal
—
Castle
—
Imperial
—
| APM avg | 9.3 |
| APM peak | 25 |
| eAPM avg | 6.9 |
| Villagers / military | 78 / 225 |
Focus
⚔️ 30.7% · 🌾 69.3%
Spearman ×140 · Hussite Wagon ×65 · Trade Cart ×27 · Battering Ram ×15 · Trebuchet (Packed) ×5
Feudal
—
Castle
—
Imperial
—
| APM avg | 13.5 |
| APM peak | 36 |
| eAPM avg | 10.5 |
| Villagers / military | 135 / 252 |
Focus
⚔️ 32.0% · 🌾 68.0%
Knight ×118 · Scout Cavalry ×71 · Spearman ×63 · Trade Cart ×5
Feudal
—
Castle
—
Imperial
—
| APM avg | 42.1 |
| APM peak | 289 |
| eAPM avg | 40.8 |
| Villagers / military | 143 / 150 |
Focus
⚔️ 12.5% · 🌾 87.5%
Spearman ×74 · Conquistador ×36 · Trade Cart ×22 · Bombard Cannon ×14 · Knight ×13 · Hand Cannoneer ×11
Feudal
—
Castle
—
Imperial
—
| APM avg | 30.1 |
| APM peak | 60 |
| eAPM avg | 18.5 |
| Villagers / military | 124 / 174 |
Focus
⚔️ 31.3% · 🌾 68.7%
Spearman ×103 · Knight ×57 · Teutonic Knight ×9 · Trade Cart ×6 · Trebuchet (Packed) ×3 · Mangonel ×1
Feudal
—
Castle
—
Imperial
—
| APM avg | 12.6 |
| APM peak | 25 |
| eAPM avg | 9.6 |
| Villagers / military | 107 / 166 |
Focus
⚔️ 32.2% · 🌾 67.8%
Knight ×114 · Spearman ×40 · Trebuchet (Packed) ×11 · Trade Cart ×3 · Monk ×1
Feudal
—
Castle
—
Imperial
—
| APM avg | 23.6 |
| APM peak | 72 |
| eAPM avg | 15.9 |
| Villagers / military | 185 / 321 |
Focus
⚔️ 34.0% · 🌾 66.0%
Spearman ×321
Feudal
—
Castle
—
Imperial
—
| APM avg | 36.4 |
| APM peak | 115 |
| eAPM avg | 17.7 |
| Villagers / military | 159 / 147 |
Focus
⚔️ 33.8% · 🌾 66.2%
Cavalry Archer ×107 · Spearman ×32 · Battering Ram ×8
Match map
Initial resources + every placement click. Lines = walls · curves = elevation contours. ◆ gold · ⬟ stone · ● berries · ✦ relic · ◌ wall gap
Your base· Open — unwalled flank
Laboule's base· Open — unwalled flank
Gabe Lackeyes's base· Open — unwalled flank
Boundless316's base· Open — 6t gap
1021513861's base· Open — unwalled flank
Kenzo's base· Open — unwalled flank
Nick76Luo's base· Open — unwalled flank
_Air_Student's base· Open — unwalled flank
Smoothed initial terrain · ◌ = detected wall gap · hover for details
Inputs per minute
— 2165640756 - - Laboule
Build order — 2165640756
First 150 of 325 actions detected
| 0:30 | Build | House |
| 0:32 | Build | House |
| 0:35 | Build | House |
| 0:52 | Create | Villager (Male) |
| 0:52 | Create | Villager (Male) |
| 2:01 | Create | Villager (Male) |
| 2:31 | Create | Villager (Male) |
| 2:31 | Create | Villager (Male) |
| 3:09 | Create | Villager (Male) |
| 3:10 | Create | Villager (Male) |
| 3:24 | Create | Villager (Male) |
| 4:05 | Create | Villager (Male) |
| 4:06 | Create | Villager (Male) |
| 4:20 | Create | Villager (Male) |
| 4:30 | Create | Villager (Male) |
| 5:05 | Create | Villager (Male) |
| 6:01 | Create | Villager (Male) |
| 6:03 | Create | Villager (Male) |
| 6:44 | Create | Villager (Male) |
| 6:44 | Create | Villager (Male) |
| 7:02 | Build | House |
| 7:08 | Create | Villager (Male) |
| 7:22 | Create | Villager (Male) |
| 8:00 | Create | Villager (Male) |
| 8:18 | Build | Lumber Camp |
| 8:32 | Create | Villager (Male) |
| 8:36 | Create | Villager (Male) |
| 9:01 | Build | Mill |
| 9:04 | Create | Villager (Male) |
| 9:15 | Create | Villager (Male) |
| 9:35 | Create | Villager (Male) |
| 10:12 | Create | Villager (Male) |
| 10:20 | Create | Villager (Male) |
| 10:47 | Research | Feudal Age |
| 10:47 | Research | Feudal Age |
| 11:11 | Create | Villager (Male) |
| 11:11 | Create | Villager (Male) |
| 11:12 | Create | Villager (Male) |
| 11:31 | Build | Palisade Wall |
| 11:40 | Build | Palisade Gate |
| 11:52 | Build | Palisade Wall |
| 12:00 | Build | Palisade Wall |
| 12:04 | Build | Palisade Wall |
| 12:52 | Build | Farm |
| 12:53 | Build | Farm |
| 12:56 | Build | Farm |
| 12:57 | Build | Farm |
| 12:59 | Build | Farm |
| 13:00 | Build | Farm |
| 13:05 | Create | Villager (Male) |
| 13:06 | Create | Villager (Male) |
| 13:12 | Build | House |
| 13:35 | Research | Double-Bit Axe |
| 13:38 | Create | Villager (Male) |
| 14:12 | Build | House |
| 14:23 | Build | Farm |
| 15:01 | Build | Lumber Camp |
| 15:10 | Build | Lumber Camp |
| 15:23 | Build | Lumber Camp |
| 15:35 | Build | Mining Camp |
| 15:40 | Create | Villager (Male) |
| 15:49 | Build | Mining Camp |
| 15:50 | Create | Villager (Male) |
| 15:50 | Create | Villager (Male) |
| 16:08 | Create | Villager (Male) |
| 16:51 | Create | Villager (Male) |
| 17:04 | Build | Market |
| 17:10 | Create | Villager (Male) |
| 17:14 | Build | Farm |
| 17:23 | Create | Villager (Male) |
| 17:40 | Build | Blacksmith |
| 17:56 | Create | Villager (Male) |
| 18:12 | Build | House |
| 18:14 | Build | House |
| 18:18 | Create | Villager (Male) |
| 18:26 | Research | Castle Age |
| 18:34 | Research | Stone Mining |
| 18:47 | Build | House |
| 18:49 | Build | House |
| 18:51 | Build | House |
| 18:52 | Build | House |
| 19:05 | Research | Horse Collar |
| 19:15 | Create | Villager (Male) |
| 19:16 | Create | Villager (Male) |
| 19:31 | Create | Villager (Male) |
| 19:31 | Create | Villager (Male) |
| 19:54 | Build | Stone Wall |
| 20:09 | Build | House |
| 20:11 | Build | House |
| 20:13 | Build | House |
| 20:48 | Build | Lumber Camp |
| 20:53 | Build | Lumber Camp |
| 21:15 | Build | Town Center |
| 21:18 | Create | Villager (Male) |
| 21:18 | Create | Villager (Male) |
| 21:36 | Build | Town Center |
| 21:45 | Build | Farm |
| 21:46 | Create | Villager (Male) |
| 21:59 | Build | Farm |
| 22:23 | Build | Farm |
| 22:47 | Create | Villager (Male) |
| 22:48 | Create | Villager (Male) |
| 22:48 | Create | Villager (Male) |
| 22:48 | Create | Villager (Male) |
| 23:21 | Create | Villager (Male) |
| 23:21 | Create | Villager (Male) |
| 23:26 | Build | Farm |
| 23:31 | Create | Villager (Male) |
| 23:31 | Create | Villager (Male) |
| 23:41 | Build | Barracks |
| 23:47 | Build | Farm |
| 23:54 | Build | Farm |
| 24:01 | Create | Villager (Male) |
| 24:01 | Create | Villager (Male) |
| 24:12 | Create | Villager (Male) |
| 24:12 | Create | Villager (Male) |
| 24:13 | Create | Villager (Male) |
| 24:24 | Build | Farm |
| 24:40 | Build | Farm |
| 24:44 | Create | Villager (Male) |
| 24:44 | Create | Villager (Male) |
| 24:55 | Create | Villager (Male) |
| 24:55 | Create | Villager (Male) |
| 25:03 | Build | Farm |
| 25:12 | Build | Town Center |
| 25:30 | Research | Bow Saw |
| 25:35 | Build | Farm |
| 25:38 | Create | Villager (Male) |
| 25:38 | Create | Villager (Male) |
| 26:07 | Create | Villager (Male) |
| 26:07 | Create | Villager (Male) |
| 26:08 | Create | Villager (Male) |
| 26:08 | Create | Villager (Male) |
| 26:18 | Build | Farm |
| 26:20 | Build | Farm |
| 26:29 | Create | Villager (Male) |
| 26:30 | Create | Villager (Male) |
| 26:47 | Build | Farm |
| 26:53 | Create | Villager (Male) |
| 26:53 | Create | Villager (Male) |
| 26:53 | Create | Villager (Male) |
| 27:04 | Create | Villager (Male) |
| 27:04 | Create | Villager (Male) |
| 27:10 | Build | Farm |
| 27:14 | Create | Trade Cart |
| 27:14 | Create | Trade Cart |
| 27:15 | Create | Trade Cart |
| 27:17 | Create | Trade Cart |
| 27:27 | Create | Villager (Male) |
| 27:27 | Create | Villager (Male) |
Build order — Laboule
First 150 of 187 actions detected
| 0:15 | Build | House |
| 0:16 | Build | House |
| 0:19 | Create | Villager (Male) ×4 |
| 1:33 | Build | Lumber Camp |
| 2:04 | Create | Villager (Male) |
| 2:33 | Create | Villager (Male) |
| 3:03 | Create | Villager (Male) |
| 3:33 | Create | Villager (Male) |
| 4:03 | Create | Villager (Male) |
| 4:04 | Create | Villager (Male) |
| 4:04 | Create | Villager (Male) |
| 4:04 | Create | Villager (Male) |
| 4:14 | Build | House |
| 4:26 | Create | Villager (Male) |
| 4:27 | Create | Villager (Male) |
| 4:35 | Build | Mill |
| 5:16 | Create | Villager (Male) |
| 5:16 | Create | Villager (Male) |
| 5:49 | Create | Villager (Male) |
| 5:49 | Create | Villager (Male) |
| 5:49 | Create | Villager (Male) |
| 5:49 | Create | Villager (Male) |
| 5:56 | Build | House |
| 6:20 | Create | Villager (Male) |
| 6:56 | Create | Villager (Male) |
| 7:37 | Create | Villager (Male) |
| 7:37 | Create | Villager (Male) |
| 7:54 | Build | Mill |
| 8:21 | Create | Villager (Male) |
| 8:23 | Create | Villager (Male) |
| 8:45 | Research | Feudal Age |
| 8:56 | Build | House |
| 8:58 | Build | House |
| 10:01 | Create | Villager (Male) ×4 |
| 11:07 | Research | Horse Collar |
| 11:12 | Research | Double-Bit Axe |
| 11:26 | Build | Farm |
| 12:04 | Build | Mining Camp |
| 12:09 | Create | Villager (Male) |
| 12:10 | Create | Villager (Male) |
| 12:37 | Build | Farm |
| 12:39 | Build | Farm |
| 12:40 | Build | Farm |
| 12:49 | Build | Farm |
| 12:58 | Build | Farm |
| 13:02 | Create | Villager (Male) |
| 13:02 | Create | Villager (Male) |
| 13:19 | Build | Farm |
| 13:22 | Build | Farm |
| 13:29 | Build | Farm |
| 13:41 | Build | Farm |
| 14:10 | Build | Mining Camp |
| 14:15 | Create | Villager (Male) ×5 |
| 14:27 | Build | Farm |
| 14:29 | Build | Farm |
| 14:34 | Build | Farm |
| 14:45 | Build | Farm |
| 15:03 | Build | Farm |
| 15:32 | Build | Blacksmith |
| 16:19 | Build | House |
| 16:21 | Build | House |
| 16:22 | Build | House |
| 16:40 | Build | Market |
| 17:03 | Build | Lumber Camp |
| 18:00 | Research | Castle Age |
| 18:16 | Build | Farm |
| 18:26 | Research | Wheelbarrow |
| 19:25 | Build | Lumber Camp |
| 20:50 | Build | Castle |
| 21:09 | Build | Town Center |
| 21:17 | Create | Villager (Male) ×5 |
| 21:29 | Build | Town Center |
| 21:44 | Research | Heavy Plow |
| 21:47 | Research | Bow Saw |
| 22:10 | Build | Farm |
| 23:56 | Create | Villager (Male) |
| 23:56 | Create | Villager (Male) |
| 24:17 | Research | Imperial Age |
| 24:27 | Create | Hussite Wagon |
| 24:36 | Create | Villager (Male) ×5 |
| 24:51 | Create | Hussite Wagon |
| 24:59 | Create | Villager (Male) ×5 |
| 25:27 | Create | Hussite Wagon |
| 25:32 | Create | Hussite Wagon |
| 25:32 | Create | Hussite Wagon |
| 26:50 | Create | Hussite Wagon |
| 27:09 | Build | Siege Workshop |
| 27:20 | Create | Villager (Male) |
| 27:20 | Create | Villager (Male) |
| 28:15 | Build | Castle |
| 28:19 | Research | Elite Hussite Wagon (upgrade) |
| 28:26 | Research | Capped Ram (upgrade) |
| 28:34 | Create | Villager (Male) ×5 |
| 28:49 | Create | Villager (Male) ×5 |
| 28:54 | Research | Hand Cart |
| 29:21 | Create | Trade Cart ×4 |
| 29:39 | Build | Lumber Camp |
| 29:47 | Create | Hussite Wagon |
| 30:13 | Create | Hussite Wagon ×2 |
| 30:22 | Research | Padded Archer Armor |
| 30:34 | Create | Villager (Male) ×5 |
| 30:42 | Build | Lumber Camp |
| 30:58 | Create | Hussite Wagon ×3 |
| 31:29 | Build | House |
| 31:30 | Build | House |
| 31:31 | Build | House |
| 31:32 | Build | House |
| 31:33 | Build | House |
| 31:34 | Build | House |
| 32:07 | Create | Hussite Wagon ×5 |
| 32:57 | Create | Battering Ram ×5 |
| 34:13 | Build | Siege Workshop |
| 36:02 | Create | Battering Ram ×5 |
| 36:14 | Create | Hussite Wagon ×5 |
| 37:17 | Create | Trebuchet (Packed) ×5 |
| 37:52 | Build | Lumber Camp |
| 37:57 | Research | Caravan |
| 37:57 | Create | Trade Cart ×5 |
| 38:08 | Build | Lumber Camp |
| 38:27 | Build | Mining Camp |
| 38:53 | Create | Hussite Wagon ×5 |
| 38:54 | Create | Hussite Wagon ×5 |
| 38:54 | Create | Hussite Wagon ×5 |
| 39:38 | Create | Hussite Wagon ×5 |
| 40:12 | Create | Trade Cart |
| 40:13 | Create | Trade Cart |
| 40:24 | Build | Lumber Camp |
| 40:53 | Create | Trade Cart |
| 41:37 | Create | Battering Ram ×5 |
| 41:45 | Create | Hussite Wagon ×3 |
| 42:00 | Build | Barracks |
| 42:04 | Build | Barracks |
| 42:05 | Build | Barracks |
| 42:15 | Research | Forging |
| 42:16 | Research | Scale Mail Armor |
| 42:17 | Research | Leather Archer Armor |
| 42:27 | Create | Trade Cart ×2 |
| 42:40 | Create | Trade Cart ×3 |
| 42:49 | Build | House |
| 42:50 | Build | House |
| 42:51 | Build | House |
| 42:52 | Build | House |
| 43:30 | Research | Pikeman (upgrade) |
| 43:31 | Research | Squires |
| 43:54 | Create | Spearman ×5 |
| 43:54 | Create | Spearman ×5 |
| 43:54 | Create | Spearman ×5 |
| 43:55 | Create | Spearman ×5 |
| 44:27 | Research | Halberdier (upgrade) |
| 44:35 | Build | Town Center |
Build order — Gabe Lackeyes
First 150 of 386 actions detected
| 0:04 | Build | House |
| 0:04 | Build | House |
| 0:06 | Create | Villager (Male) |
| 0:06 | Create | Villager (Male) |
| 0:07 | Create | Villager (Male) |
| 0:07 | Create | Villager (Male) |
| 0:08 | Build | House |
| 0:51 | Research | Loom |
| 1:43 | Build | Mill |
| 2:25 | Create | Villager (Male) |
| 2:25 | Create | Villager (Male) |
| 2:43 | Create | Villager (Male) |
| 2:43 | Create | Villager (Male) |
| 2:55 | Create | Villager (Male) |
| 3:39 | Create | Villager (Male) |
| 3:39 | Create | Villager (Male) |
| 4:03 | Create | Villager (Male) |
| 4:03 | Create | Villager (Male) |
| 4:48 | Create | Villager (Male) |
| 4:49 | Create | Villager (Male) |
| 4:49 | Create | Villager (Male) |
| 5:04 | Create | Villager (Male) |
| 5:17 | Create | Villager (Male) |
| 5:17 | Create | Villager (Male) |
| 5:41 | Create | Villager (Male) |
| 6:07 | Create | Villager (Male) |
| 6:09 | Create | Villager (Male) |
| 6:32 | Build | Lumber Camp |
| 6:48 | Create | Villager (Male) |
| 6:48 | Create | Villager (Male) |
| 7:03 | Create | Villager (Male) |
| 7:28 | Build | House |
| 7:32 | Create | Villager (Male) |
| 7:33 | Create | Villager (Male) |
| 7:33 | Create | Villager (Male) |
| 7:46 | Create | Villager (Male) |
| 7:47 | Create | Villager (Male) |
| 7:59 | Create | Villager (Male) |
| 8:18 | Research | Feudal Age |
| 8:19 | Create | Villager (Male) |
| 8:20 | Create | Villager (Male) |
| 8:20 | Create | Villager (Male) |
| 8:28 | Create | Villager (Male) |
| 8:50 | Build | House |
| 8:52 | Build | House |
| 9:03 | Create | Villager (Male) |
| 10:03 | Create | Villager (Male) |
| 10:04 | Create | Villager (Male) |
| 10:25 | Build | Mining Camp |
| 10:32 | Create | Villager (Male) |
| 10:32 | Create | Villager (Male) |
| 10:32 | Create | Villager (Male) |
| 10:33 | Create | Villager (Male) |
| 10:33 | Create | Villager (Male) |
| 10:45 | Create | Villager (Male) |
| 10:45 | Create | Villager (Male) |
| 10:46 | Create | Villager (Male) |
| 11:02 | Build | Farm |
| 11:10 | Build | Farm |
| 11:33 | Build | Farm |
| 11:43 | Create | Villager (Male) |
| 11:43 | Create | Villager (Male) |
| 11:59 | Build | Farm |
| 12:05 | Build | Farm |
| 12:08 | Create | Villager (Male) |
| 12:50 | Build | Blacksmith |
| 13:40 | Build | Market |
| 13:44 | Create | Villager (Male) |
| 13:45 | Create | Villager (Male) |
| 13:56 | Build | Farm |
| 13:57 | Build | Farm |
| 14:00 | Build | Farm |
| 14:24 | Create | Villager (Male) |
| 15:04 | Build | Farm |
| 15:14 | Build | Farm |
| 15:16 | Build | Farm |
| 15:19 | Build | Farm |
| 15:23 | Build | Farm |
| 16:05 | Build | Farm |
| 16:06 | Build | Farm |
| 16:09 | Build | Farm |
| 16:29 | Research | Castle Age |
| 16:47 | Build | Barracks |
| 17:13 | Create | Villager (Male) |
| 17:14 | Create | Villager (Male) |
| 17:22 | Build | Mining Camp |
| 17:47 | Build | House |
| 17:48 | Build | House |
| 17:50 | Build | House |
| 17:53 | Build | House |
| 17:54 | Build | House |
| 17:56 | Build | House |
| 18:07 | Build | Stone Wall |
| 18:18 | Build | Stone Wall |
| 18:27 | Build | Stone Wall |
| 18:38 | Create | Villager (Male) |
| 18:38 | Create | Villager (Male) |
| 18:41 | Create | Villager (Male) |
| 18:41 | Create | Villager (Male) |
| 18:44 | Create | Spearman |
| 18:44 | Create | Spearman |
| 18:44 | Create | Spearman |
| 18:55 | Build | Stable |
| 19:41 | Create | Villager (Male) |
| 19:41 | Create | Villager (Male) |
| 20:16 | Create | Knight |
| 20:16 | Create | Knight |
| 20:17 | Create | Knight |
| 20:29 | Create | Villager (Male) |
| 20:29 | Create | Villager (Male) |
| 20:35 | Create | Villager (Male) |
| 20:35 | Create | Villager (Male) |
| 20:52 | Build | Town Center |
| 21:30 | Create | Villager (Male) |
| 21:30 | Create | Villager (Male) |
| 21:48 | Research | Pikeman (upgrade) |
| 21:48 | Create | Spearman |
| 21:49 | Create | Spearman |
| 21:49 | Create | Spearman |
| 22:01 | Create | Spearman |
| 22:02 | Create | Spearman |
| 22:23 | Create | Villager (Male) |
| 22:23 | Create | Villager (Male) |
| 22:29 | Create | Villager (Male) |
| 22:29 | Create | Villager (Male) |
| 22:29 | Create | Villager (Male) |
| 22:30 | Create | Villager (Male) |
| 22:50 | Build | Farm |
| 22:52 | Build | Farm |
| 22:53 | Build | Farm |
| 23:02 | Build | Farm |
| 23:05 | Build | Farm |
| 23:10 | Create | Villager (Male) |
| 23:10 | Create | Villager (Male) |
| 23:13 | Create | Villager (Male) |
| 23:13 | Create | Villager (Male) |
| 23:17 | Create | Knight |
| 23:17 | Create | Knight |
| 23:17 | Create | Knight |
| 23:28 | Create | Villager (Male) |
| 23:29 | Create | Villager (Male) |
| 23:31 | Create | Villager (Male) |
| 23:31 | Create | Villager (Male) |
| 23:32 | Create | Villager (Male) |
| 23:32 | Create | Villager (Male) |
| 23:52 | Build | Town Center |
| 24:25 | Create | Villager (Male) |
| 24:25 | Create | Villager (Male) |
| 24:26 | Create | Villager (Male) |
| 24:27 | Create | Villager (Male) |
Build order — Boundless316
First 150 of 632 actions detected
| 0:04 | Create | Villager (Male) |
| 0:04 | Create | Villager (Male) |
| 0:05 | Create | Villager (Male) |
| 0:05 | Create | Villager (Male) |
| 0:13 | Build | House |
| 0:16 | Build | House |
| 0:17 | Build | House |
| 0:51 | Build | House |
| 0:54 | Build | House |
| 1:48 | Build | Lumber Camp |
| 1:53 | Create | Villager (Male) |
| 2:10 | Research | Loom |
| 2:18 | Create | Villager (Male) |
| 2:39 | Create | Villager (Male) |
| 3:07 | Create | Villager (Male) |
| 3:29 | Create | Villager (Male) |
| 3:56 | Create | Villager (Male) |
| 4:06 | Create | Villager (Male) |
| 4:34 | Create | Villager (Male) |
| 5:18 | Build | Mill |
| 5:27 | Create | Villager (Male) |
| 5:27 | Create | Villager (Male) |
| 6:05 | Create | Villager (Male) |
| 6:44 | Create | Villager (Male) |
| 6:44 | Create | Villager (Male) |
| 6:45 | Create | Villager (Male) |
| 7:10 | Create | Villager (Male) |
| 7:11 | Create | Villager (Male) |
| 7:11 | Create | Villager (Male) |
| 8:36 | Create | Villager (Male) |
| 8:36 | Create | Villager (Male) |
| 9:21 | Research | Feudal Age |
| 9:28 | Build | Lumber Camp |
| 9:55 | Build | Mining Camp |
| 10:07 | Build | Mining Camp |
| 10:13 | Build | Mill |
| 10:42 | Build | Lumber Camp |
| 11:19 | Build | House |
| 11:26 | Build | House |
| 11:33 | Research | Wheelbarrow |
| 11:36 | Research | Double-Bit Axe |
| 11:39 | Research | Horse Collar |
| 12:28 | Build | Market |
| 12:36 | Build | Blacksmith |
| 12:39 | Create | Villager (Male) |
| 12:39 | Create | Villager (Male) |
| 12:40 | Create | Villager (Male) |
| 12:49 | Build | Gate |
| 12:51 | Build | House |
| 13:00 | Build | House |
| 13:10 | Build | House |
| 13:23 | Build | Farm |
| 13:27 | Build | Farm |
| 13:27 | Build | Farm |
| 13:28 | Build | Farm |
| 13:28 | Build | Farm |
| 13:28 | Build | Farm |
| 14:21 | Build | Farm |
| 14:24 | Build | Farm |
| 14:24 | Build | Farm |
| 14:26 | Create | Villager (Male) |
| 14:27 | Create | Villager (Male) |
| 14:28 | Create | Villager (Male) |
| 15:21 | Build | Farm |
| 15:37 | Create | Villager (Male) |
| 15:58 | Build | Barracks |
| 16:11 | Build | Farm |
| 16:12 | Build | Farm |
| 16:12 | Build | Farm |
| 16:12 | Build | Farm |
| 16:16 | Create | Villager (Male) |
| 16:39 | Create | Villager (Male) |
| 16:56 | Research | Castle Age |
| 17:07 | Build | Stable |
| 17:31 | Build | Stable |
| 17:45 | Research | Stone Mining |
| 17:51 | Research | Gold Mining |
| 18:29 | Create | Scout Cavalry |
| 18:29 | Create | Scout Cavalry |
| 19:48 | Research | Hand Cart |
| 20:18 | Research | Bow Saw |
| 20:18 | Research | Bow Saw |
| 21:01 | Research | Heavy Plow |
| 21:06 | Research | Loom |
| 21:42 | Build | Town Center |
| 21:46 | Create | Villager (Male) |
| 21:46 | Create | Villager (Male) |
| 21:47 | Create | Villager (Male) |
| 22:01 | Build | Town Center |
| 22:16 | Build | Town Center |
| 22:24 | Create | Villager (Male) |
| 22:41 | Build | Farm |
| 22:42 | Build | Farm |
| 22:42 | Build | Farm |
| 23:03 | Build | Farm |
| 23:04 | Build | Farm |
| 23:10 | Create | Villager (Male) |
| 23:10 | Create | Villager (Male) |
| 23:11 | Create | Villager (Male) |
| 23:11 | Create | Villager (Male) |
| 23:11 | Create | Villager (Male) |
| 23:12 | Create | Villager (Male) |
| 23:39 | Build | Farm |
| 23:39 | Build | Farm |
| 23:39 | Build | Farm |
| 23:39 | Build | Farm |
| 23:40 | Build | Farm |
| 23:50 | Build | University |
| 24:48 | Create | Villager (Male) ×11 |
| 24:48 | Create | Villager (Male) |
| 25:16 | Build | Monastery |
| 25:23 | Create | Villager (Male) |
| 25:44 | Create | Villager (Male) |
| 25:44 | Create | Villager (Male) |
| 25:44 | Create | Villager (Male) |
| 26:18 | Build | Farm |
| 26:18 | Build | Farm |
| 26:18 | Build | Farm |
| 26:19 | Build | Farm |
| 26:21 | Build | Farm |
| 26:23 | Build | Farm |
| 26:30 | Create | Villager (Male) |
| 26:30 | Create | Villager (Male) |
| 26:31 | Create | Villager (Male) |
| 26:31 | Create | Villager (Male) |
| 26:31 | Create | Villager (Male) |
| 26:37 | Build | House |
| 26:41 | Build | House |
| 26:44 | Build | House |
| 26:55 | Build | Farm |
| 26:55 | Build | Farm |
| 26:55 | Build | Farm |
| 27:02 | Create | Villager (Male) |
| 27:02 | Create | Villager (Male) |
| 27:03 | Create | Villager (Male) |
| 27:03 | Create | Villager (Male) |
| 27:26 | Build | Farm |
| 27:28 | Build | Castle |
| 27:35 | Create | Villager (Male) |
| 27:35 | Create | Villager (Male) |
| 27:36 | Create | Villager (Male) |
| 27:36 | Create | Villager (Male) |
| 27:36 | Create | Villager (Male) |
| 27:37 | Create | Villager (Male) |
| 27:37 | Create | Villager (Male) |
| 27:37 | Create | Villager (Male) |
| 27:48 | Build | House |
| 27:52 | Build | House |
| 27:55 | Build | House |
| 27:58 | Build | House |
Build order — 1021513861
First 150 of 481 actions detected
| 0:03 | Create | Villager (Male) |
| 0:03 | Create | Villager (Male) |
| 0:05 | Build | House |
| 0:07 | Build | House |
| 0:19 | Create | Villager (Male) |
| 0:19 | Create | Villager (Male) |
| 0:45 | Build | House |
| 0:47 | Build | House |
| 1:41 | Create | Villager (Male) |
| 1:41 | Create | Villager (Male) |
| 2:09 | Create | Villager (Male) |
| 2:41 | Build | Mill |
| 2:44 | Create | Villager (Male) |
| 2:44 | Create | Villager (Male) |
| 3:20 | Create | Villager (Male) |
| 3:20 | Create | Villager (Male) |
| 3:56 | Create | Villager (Male) |
| 4:18 | Create | Villager (Male) |
| 4:18 | Create | Villager (Male) |
| 4:47 | Create | Villager (Male) |
| 5:05 | Create | Villager (Male) |
| 5:06 | Create | Villager (Male) |
| 5:19 | Build | Lumber Camp |
| 5:45 | Create | Villager (Male) |
| 5:53 | Create | Villager (Male) |
| 6:12 | Create | Villager (Male) |
| 6:34 | Create | Villager (Male) |
| 7:05 | Create | Villager (Male) |
| 7:10 | Build | Mining Camp |
| 7:29 | Create | Villager (Male) |
| 8:19 | Build | House |
| 8:28 | Build | Mining Camp |
| 9:24 | Create | Villager (Male) |
| 9:25 | Create | Villager (Male) |
| 10:06 | Research | Feudal Age |
| 10:19 | Build | Barracks |
| 11:30 | Create | Villager (Male) |
| 12:04 | Create | Villager (Male) |
| 12:43 | Create | Villager (Male) |
| 12:51 | Build | Stable |
| 12:57 | Build | Blacksmith |
| 13:19 | Build | Farm |
| 13:21 | Create | Villager (Male) |
| 13:24 | Build | House |
| 14:05 | Create | Villager (Male) |
| 14:15 | Research | Castle Age |
| 14:35 | Build | Farm |
| 14:37 | Build | Farm |
| 14:38 | Build | Farm |
| 14:40 | Build | Farm |
| 14:50 | Research | Double-Bit Axe |
| 14:59 | Build | Stone Wall |
| 15:07 | Build | Gate |
| 15:37 | Build | Stone Wall |
| 15:45 | Build | Gate |
| 16:00 | Build | Farm |
| 16:01 | Build | Farm |
| 16:09 | Build | Farm |
| 16:13 | Build | Farm |
| 16:16 | Research | Horse Collar |
| 16:24 | Build | House |
| 16:25 | Build | House |
| 16:35 | Build | Farm |
| 17:03 | Create | Villager (Male) |
| 17:03 | Create | Villager (Male) |
| 17:17 | Create | Villager (Male) |
| 17:18 | Create | Villager (Male) |
| 17:33 | Create | Villager (Male) |
| 17:54 | Create | Villager (Male) |
| 17:55 | Create | Villager (Male) |
| 18:07 | Build | Town Center |
| 18:11 | Create | Villager (Male) |
| 18:16 | Create | Villager (Male) |
| 18:42 | Create | Villager (Male) |
| 18:43 | Create | Villager (Male) |
| 18:58 | Create | Villager (Male) |
| 19:20 | Create | Villager (Male) |
| 19:21 | Create | Villager (Male) |
| 19:21 | Create | Villager (Male) |
| 19:42 | Create | Villager (Male) |
| 19:47 | Build | Town Center |
| 19:53 | Build | House |
| 19:54 | Build | House |
| 19:55 | Build | House |
| 20:05 | Research | Wheelbarrow |
| 20:07 | Create | Villager (Male) |
| 20:08 | Create | Villager (Male) |
| 20:12 | Create | Villager (Male) |
| 20:22 | Research | Heavy Plow |
| 20:33 | Build | Farm |
| 20:47 | Create | Villager (Male) |
| 21:01 | Build | Market |
| 21:05 | Create | Villager (Male) |
| 21:14 | Build | House |
| 21:15 | Build | House |
| 21:21 | Create | Villager (Male) |
| 21:23 | Create | Villager (Male) |
| 21:25 | Build | Farm |
| 21:28 | Build | Farm |
| 21:33 | Build | Farm |
| 21:37 | Create | Villager (Male) |
| 21:58 | Build | Farm |
| 22:01 | Create | Villager (Male) |
| 22:05 | Create | Villager (Male) |
| 22:13 | Build | Farm |
| 22:25 | Create | Villager (Male) |
| 22:28 | Create | Villager (Male) |
| 22:35 | Build | Farm |
| 22:42 | Build | Farm |
| 22:50 | Build | House |
| 22:52 | Build | House |
| 22:55 | Build | House |
| 23:17 | Build | Town Center |
| 23:25 | Build | Farm |
| 23:29 | Create | Villager (Male) |
| 23:32 | Research | Loom |
| 23:35 | Create | Villager (Male) |
| 23:37 | Build | Farm |
| 23:43 | Research | Stone Mining |
| 23:46 | Create | Villager (Male) |
| 23:46 | Create | Villager (Male) |
| 23:48 | Create | Villager (Male) |
| 23:58 | Build | House |
| 23:59 | Build | House |
| 23:59 | Build | House |
| 24:01 | Build | House |
| 24:10 | Create | Villager (Male) |
| 24:11 | Create | Villager (Male) |
| 24:15 | Create | Villager (Male) |
| 24:17 | Build | Farm |
| 24:19 | Create | Villager (Male) |
| 24:30 | Build | Market |
| 24:47 | Build | Castle |
| 24:52 | Create | Trade Cart |
| 24:52 | Create | Trade Cart |
| 25:07 | Build | Farm |
| 25:09 | Build | Farm |
| 25:11 | Create | Villager (Male) |
| 25:12 | Create | Villager (Male) |
| 25:19 | Create | Villager (Male) |
| 25:20 | Create | Villager (Male) |
| 25:25 | Create | Villager (Male) |
| 25:25 | Create | Villager (Male) |
| 25:27 | Create | Villager (Male) |
| 25:28 | Create | Villager (Male) |
| 25:52 | Build | Farm |
| 25:55 | Build | Farm |
| 25:59 | Build | Farm |
| 26:04 | Create | Villager (Male) |
| 26:08 | Build | Farm |
Build order — Kenzo
First 150 of 289 actions detected
| 0:09 | Research | Loom |
| 0:10 | Create | Villager (Male) ×4 |
| 0:17 | Build | House |
| 0:53 | Build | House |
| 2:04 | Build | House |
| 2:06 | Build | House |
| 2:11 | Create | Villager (Male) |
| 2:35 | Create | Villager (Male) |
| 3:01 | Build | Palisade Wall |
| 3:08 | Build | Palisade Gate |
| 3:18 | Create | Villager (Male) ×2 |
| 3:50 | Create | Villager (Male) |
| 4:29 | Create | Villager (Male) |
| 4:29 | Create | Villager (Male) |
| 5:03 | Create | Villager (Male) |
| 5:03 | Create | Villager (Male) |
| 5:41 | Create | Villager (Male) ×2 |
| 5:59 | Build | Mill |
| 6:14 | Build | House |
| 6:22 | Build | Palisade Wall |
| 6:30 | Create | Villager (Male) |
| 6:31 | Create | Villager (Male) |
| 6:31 | Create | Villager (Male) |
| 7:10 | Create | Villager (Male) ×4 |
| 7:51 | Create | Villager (Male) ×2 |
| 8:13 | Build | Lumber Camp |
| 8:33 | Build | House |
| 9:00 | Build | Lumber Camp |
| 9:50 | Build | Mining Camp |
| 10:21 | Build | Farm |
| 10:36 | Create | Villager (Male) ×5 |
| 10:56 | Build | Farm |
| 10:58 | Build | Farm |
| 10:59 | Build | Farm |
| 11:25 | Build | Farm |
| 11:27 | Build | Farm |
| 11:44 | Build | Farm |
| 11:51 | Research | Feudal Age |
| 12:15 | Build | Mining Camp |
| 12:33 | Build | Farm |
| 14:22 | Research | Wheelbarrow |
| 14:23 | Research | Town Watch |
| 14:26 | Research | Double-Bit Axe |
| 14:39 | Build | Stone Wall |
| 14:44 | Build | Gate |
| 15:02 | Create | Villager (Male) |
| 15:16 | Build | Market |
| 15:30 | Build | Blacksmith |
| 17:00 | Build | Barracks |
| 17:06 | Research | Castle Age |
| 17:36 | Create | Trade Cart |
| 17:37 | Create | Trade Cart |
| 18:17 | Build | House |
| 18:19 | Build | House |
| 18:20 | Build | House |
| 18:40 | Research | Stone Mining |
| 18:44 | Research | Gold Mining |
| 19:25 | Build | House |
| 19:28 | Build | House |
| 19:47 | Research | Hand Cart |
| 19:53 | Build | Town Center |
| 19:57 | Create | Villager (Male) |
| 19:58 | Create | Villager (Male) |
| 20:01 | Research | Bow Saw |
| 20:28 | Research | Gold Shaft Mining |
| 20:45 | Build | Farm |
| 20:46 | Build | Farm |
| 20:48 | Build | Farm |
| 20:49 | Build | Farm |
| 20:50 | Build | Farm |
| 20:53 | Build | Farm |
| 21:01 | Create | Villager (Male) ×4 |
| 21:11 | Create | Villager (Male) |
| 21:17 | Build | Farm |
| 21:23 | Build | Farm |
| 21:28 | Create | Villager (Male) ×2 |
| 21:45 | Build | Farm |
| 21:46 | Build | Farm |
| 22:00 | Build | Farm |
| 22:30 | Build | Town Center |
| 22:41 | Create | Villager (Male) ×5 |
| 22:54 | Build | Farm |
| 23:05 | Build | Farm |
| 23:16 | Build | Farm |
| 23:26 | Create | Villager (Male) ×5 |
| 23:39 | Create | Trade Cart |
| 24:01 | Build | Town Center |
| 24:22 | Create | Villager (Male) ×5 |
| 24:29 | Build | Farm |
| 24:30 | Build | Farm |
| 24:31 | Build | Farm |
| 24:33 | Build | Farm |
| 24:46 | Create | Villager (Male) ×5 |
| 25:20 | Create | Villager (Male) ×5 |
| 25:29 | Build | Farm |
| 25:31 | Build | Farm |
| 25:32 | Build | Farm |
| 25:34 | Build | Farm |
| 25:58 | Build | Mining Camp |
| 26:08 | Create | Villager (Male) ×5 |
| 26:08 | Create | Villager (Male) ×5 |
| 26:24 | Build | Monastery |
| 26:28 | Build | University |
| 26:38 | Build | Mill |
| 26:46 | Create | Villager (Male) ×5 |
| 26:47 | Create | Villager (Male) ×5 |
| 27:02 | Build | Stone Wall |
| 27:07 | Build | Gate |
| 27:09 | Build | Gate |
| 27:18 | Build | Castle |
| 27:29 | Build | House |
| 27:29 | Build | House |
| 27:30 | Build | House |
| 27:30 | Build | House |
| 27:31 | Build | House |
| 27:31 | Build | House |
| 27:31 | Build | House |
| 27:33 | Build | House |
| 27:34 | Build | House |
| 27:43 | Build | Farm |
| 27:45 | Build | Farm |
| 27:46 | Build | Farm |
| 27:46 | Build | Farm |
| 27:46 | Build | Farm |
| 27:47 | Build | Farm |
| 27:47 | Build | Farm |
| 27:47 | Build | Farm |
| 28:05 | Research | Murder Holes |
| 28:33 | Build | Farm |
| 28:35 | Build | Farm |
| 28:36 | Build | Farm |
| 28:38 | Build | Farm |
| 28:39 | Build | Farm |
| 28:50 | Create | Villager (Male) ×5 |
| 29:06 | Build | Lumber Camp |
| 29:12 | Research | Fortified Wall (upgrade) |
| 29:23 | Build | Farm |
| 29:35 | Build | Mining Camp |
| 29:48 | Research | Imperial Age |
| 30:00 | Build | Farm |
| 30:01 | Build | Farm |
| 30:04 | Build | Farm |
| 30:04 | Build | Farm |
| 30:05 | Build | Farm |
| 30:05 | Build | Farm |
| 30:06 | Build | Farm |
| 30:07 | Build | Farm |
| 30:16 | Create | Villager (Male) ×5 |
| 30:33 | Build | Stable |
| 30:34 | Build | Stable |
Build order — Nick76Luo
First 150 of 407 actions detected
| 0:04 | Build | House |
| 0:05 | Build | House |
| 0:06 | Create | Villager (Male) |
| 0:07 | Create | Villager (Male) |
| 0:07 | Create | Villager (Male) |
| 0:16 | Create | Villager (Male) |
| 0:17 | Create | Villager (Male) |
| 1:36 | Create | Villager (Male) |
| 1:36 | Create | Villager (Male) |
| 1:54 | Create | Villager (Male) |
| 1:54 | Create | Villager (Male) |
| 2:15 | Build | Lumber Camp |
| 2:25 | Create | Villager (Male) |
| 2:25 | Create | Villager (Male) |
| 2:55 | Create | Villager (Male) |
| 2:55 | Create | Villager (Male) |
| 2:56 | Create | Villager (Male) |
| 2:57 | Create | Villager (Male) |
| 3:12 | Build | House |
| 4:11 | Create | Villager (Male) |
| 4:11 | Create | Villager (Male) |
| 4:11 | Create | Villager (Male) |
| 4:12 | Create | Villager (Male) |
| 4:23 | Build | Mill |
| 4:58 | Create | Villager (Male) |
| 4:59 | Create | Villager (Male) |
| 5:23 | Create | Villager (Male) |
| 5:23 | Create | Villager (Male) |
| 5:46 | Create | Villager (Male) |
| 5:47 | Create | Villager (Male) |
| 6:13 | Create | Villager (Male) |
| 6:13 | Create | Villager (Male) |
| 6:13 | Create | Villager (Male) |
| 6:58 | Create | Villager (Male) |
| 6:58 | Create | Villager (Male) |
| 6:58 | Create | Villager (Male) |
| 7:13 | Build | House |
| 8:03 | Create | Villager (Male) |
| 8:03 | Create | Villager (Male) |
| 8:04 | Create | Villager (Male) |
| 8:04 | Create | Villager (Male) |
| 8:04 | Create | Villager (Male) |
| 8:06 | Create | Villager (Male) |
| 8:39 | Create | Villager (Male) |
| 8:39 | Create | Villager (Male) |
| 8:39 | Create | Villager (Male) |
| 9:12 | Create | Villager (Male) |
| 9:12 | Create | Villager (Male) |
| 9:12 | Create | Villager (Male) |
| 9:12 | Create | Villager (Male) |
| 9:47 | Research | Feudal Age |
| 10:58 | Build | House |
| 11:23 | Create | Villager (Male) |
| 12:01 | Create | Villager (Male) |
| 12:08 | Build | Market |
| 12:19 | Build | Blacksmith |
| 12:28 | Create | Villager (Male) |
| 13:15 | Create | Villager (Male) |
| 13:31 | Research | Castle Age |
| 13:34 | Research | Double-Bit Axe |
| 13:52 | Build | Farm |
| 13:54 | Build | Farm |
| 13:57 | Build | Farm |
| 13:59 | Build | Farm |
| 14:01 | Build | Farm |
| 14:02 | Build | Farm |
| 14:03 | Build | Farm |
| 14:05 | Build | Farm |
| 14:20 | Create | Villager (Male) |
| 14:41 | Build | Mining Camp |
| 14:44 | Create | Villager (Male) |
| 15:03 | Create | Villager (Male) |
| 15:17 | Build | Lumber Camp |
| 15:28 | Create | Villager (Male) |
| 16:07 | Research | Gold Mining |
| 16:10 | Research | Stone Mining |
| 16:39 | Create | Villager (Male) |
| 16:41 | Research | Bow Saw |
| 16:49 | Build | House |
| 17:03 | Build | Town Center |
| 17:13 | Build | Town Center |
| 17:16 | Create | Villager (Male) |
| 17:25 | Research | Stone Mining |
| 17:26 | Research | Gold Shaft Mining |
| 17:39 | Build | House |
| 17:41 | Build | House |
| 17:41 | Build | House |
| 17:43 | Build | House |
| 17:45 | Build | House |
| 17:55 | Create | Villager (Male) |
| 18:14 | Create | Villager (Male) |
| 18:29 | Build | Farm |
| 18:29 | Build | Farm |
| 18:29 | Build | Farm |
| 18:30 | Build | Farm |
| 18:45 | Build | Farm |
| 18:47 | Create | Villager (Male) |
| 18:50 | Create | Villager (Male) |
| 18:50 | Create | Villager (Male) |
| 18:59 | Build | Farm |
| 19:01 | Build | Farm |
| 19:05 | Build | Farm |
| 19:08 | Build | Farm |
| 19:13 | Create | Villager (Male) |
| 19:13 | Create | Villager (Male) |
| 19:16 | Create | Villager (Male) |
| 19:16 | Create | Villager (Male) |
| 19:27 | Create | Villager (Male) |
| 19:27 | Create | Villager (Male) |
| 19:28 | Create | Villager (Male) |
| 19:50 | Build | Lumber Camp |
| 19:53 | Create | Villager (Male) |
| 19:54 | Create | Villager (Male) |
| 19:54 | Create | Villager (Male) |
| 20:00 | Build | Farm |
| 20:07 | Create | Villager (Male) |
| 20:07 | Create | Villager (Male) |
| 20:10 | Build | Farm |
| 20:13 | Build | Farm |
| 20:15 | Create | Villager (Male) |
| 20:18 | Create | Villager (Male) |
| 20:19 | Create | Villager (Male) |
| 20:26 | Build | Farm |
| 20:30 | Create | Villager (Male) |
| 20:30 | Create | Villager (Male) |
| 20:44 | Build | Farm |
| 20:46 | Create | Villager (Male) |
| 20:46 | Create | Villager (Male) |
| 20:52 | Create | Villager (Male) |
| 20:52 | Create | Villager (Male) |
| 20:56 | Build | Farm |
| 20:58 | Build | Farm |
| 20:59 | Build | Farm |
| 21:03 | Create | Villager (Male) |
| 21:04 | Create | Villager (Male) |
| 21:04 | Create | Villager (Male) |
| 21:09 | Build | Farm |
| 21:12 | Create | Villager (Male) |
| 21:17 | Create | Villager (Male) |
| 21:27 | Create | Villager (Male) |
| 21:27 | Create | Villager (Male) |
| 21:41 | Build | Farm |
| 21:42 | Build | Farm |
| 21:43 | Build | Farm |
| 21:47 | Create | Villager (Male) |
| 21:47 | Create | Villager (Male) |
| 21:48 | Create | Villager (Male) |
| 21:48 | Create | Villager (Male) |
| 21:57 | Build | Farm |
| 21:59 | Build | Farm |
Build order — _Air_Student
First 150 of 487 actions detected
| 0:01 | Create | Villager (Male) ×4 |
| 0:01 | Create | Villager (Male) ×4 |
| 0:03 | Build | House |
| 0:04 | Build | House |
| 1:27 | Create | Villager (Male) |
| 1:27 | Create | Villager (Male) |
| 1:33 | Research | Loom |
| 1:34 | Research | Loom |
| 1:44 | Build | Lumber Camp |
| 1:53 | Create | Villager (Male) |
| 1:53 | Create | Villager (Male) |
| 2:26 | Create | Villager (Male) |
| 2:26 | Create | Villager (Male) |
| 2:49 | Create | Villager (Male) |
| 2:49 | Create | Villager (Male) |
| 3:02 | Create | Villager (Male) |
| 3:02 | Create | Villager (Male) |
| 3:09 | Build | House |
| 3:36 | Create | Villager (Male) |
| 3:36 | Create | Villager (Male) |
| 4:01 | Create | Villager (Male) |
| 4:01 | Create | Villager (Male) |
| 4:37 | Create | Villager (Male) |
| 4:38 | Create | Villager (Male) |
| 4:38 | Create | Villager (Male) |
| 4:40 | Build | House |
| 4:46 | Build | House |
| 4:47 | Build | House |
| 4:48 | Build | House |
| 5:10 | Create | Villager (Male) |
| 5:10 | Create | Villager (Male) |
| 5:10 | Create | Villager (Male) |
| 5:58 | Build | Mill |
| 6:00 | Create | Villager (Male) |
| 6:00 | Create | Villager (Male) |
| 6:10 | Create | Villager (Male) |
| 6:10 | Create | Villager (Male) |
| 6:11 | Create | Villager (Male) |
| 6:43 | Build | Palisade Wall |
| 6:46 | Create | Villager (Male) |
| 6:46 | Create | Villager (Male) |
| 7:09 | Create | Villager (Male) |
| 7:09 | Create | Villager (Male) |
| 7:10 | Create | Villager (Male) |
| 7:37 | Build | House |
| 7:53 | Build | Palisade Wall |
| 7:56 | Build | Palisade Wall |
| 7:58 | Build | Palisade Wall |
| 8:30 | Research | Feudal Age |
| 8:30 | Research | Feudal Age |
| 8:31 | Research | Feudal Age |
| 8:57 | Build | Barracks |
| 8:59 | Build | House |
| 9:38 | Create | Villager (Male) |
| 9:39 | Create | Villager (Male) |
| 9:39 | Create | Villager (Male) |
| 9:39 | Create | Villager (Male) |
| 9:42 | Create | Villager (Male) |
| 9:43 | Create | Villager (Male) |
| 10:11 | Build | Palisade Wall |
| 10:19 | Build | Mining Camp |
| 10:53 | Research | Double-Bit Axe |
| 10:53 | Research | Double-Bit Axe |
| 11:04 | Build | House |
| 11:35 | Build | House |
| 11:37 | Build | House |
| 11:46 | Build | House |
| 11:51 | Build | House |
| 11:56 | Build | House |
| 12:01 | Create | Villager (Male) |
| 12:05 | Research | Wheelbarrow |
| 12:06 | Research | Town Watch |
| 12:07 | Create | Villager (Male) |
| 12:07 | Create | Villager (Male) |
| 12:07 | Create | Villager (Male) |
| 12:08 | Create | Villager (Male) |
| 12:08 | Create | Villager (Male) |
| 12:08 | Create | Villager (Male) |
| 12:08 | Create | Villager (Male) |
| 12:08 | Create | Villager (Male) |
| 12:09 | Create | Villager (Male) |
| 12:16 | Build | House |
| 12:53 | Build | Archery Range |
| 13:29 | Build | House |
| 13:32 | Build | House |
| 13:33 | Build | House |
| 13:35 | Build | House |
| 13:59 | Build | Stable |
| 14:02 | Build | House |
| 14:42 | Build | Lumber Camp |
| 15:20 | Build | Blacksmith |
| 15:28 | Build | Archery Range |
| 15:42 | Create | Villager (Male) ×5 |
| 15:43 | Create | Villager (Male) ×5 |
| 15:43 | Create | Villager (Male) ×2 |
| 15:43 | Create | Villager (Male) ×2 |
| 16:09 | Create | Villager (Male) |
| 16:09 | Create | Villager (Male) |
| 16:09 | Create | Villager (Male) |
| 16:12 | Build | House |
| 16:13 | Build | House |
| 16:16 | Build | House |
| 16:23 | Build | Farm |
| 16:24 | Build | Farm |
| 16:29 | Build | Farm |
| 16:34 | Build | Farm |
| 16:58 | Research | Fletching |
| 16:58 | Research | Padded Archer Armor |
| 17:08 | Build | Archery Range |
| 17:17 | Create | Villager (Male) |
| 17:17 | Create | Villager (Male) |
| 17:18 | Create | Villager (Male) |
| 17:24 | Build | Farm |
| 17:26 | Build | Farm |
| 17:27 | Build | Farm |
| 17:29 | Build | Farm |
| 17:31 | Build | Farm |
| 17:32 | Build | Farm |
| 17:33 | Build | Farm |
| 17:37 | Build | Farm |
| 18:01 | Build | Archery Range |
| 18:34 | Build | Farm |
| 18:35 | Build | Farm |
| 18:37 | Build | Farm |
| 18:38 | Build | Farm |
| 18:45 | Build | Lumber Camp |
| 18:55 | Create | Villager (Male) |
| 18:55 | Create | Villager (Male) |
| 18:55 | Create | Villager (Male) |
| 18:55 | Create | Villager (Male) |
| 18:59 | Create | Villager (Male) |
| 19:00 | Create | Villager (Male) |
| 19:06 | Build | Farm |
| 19:07 | Build | Farm |
| 19:20 | Build | Farm |
| 19:28 | Build | House |
| 19:30 | Build | House |
| 20:12 | Build | Farm |
| 20:13 | Build | Farm |
| 20:15 | Build | Farm |
| 20:17 | Build | Farm |
| 20:27 | Build | Farm |
| 20:33 | Build | House |
| 20:34 | Build | House |
| 20:46 | Build | Farm |
| 20:50 | Build | Farm |
| 20:57 | Research | Castle Age |
| 20:57 | Research | Castle Age |
| 20:57 | Research | Castle Age |
| 21:10 | Build | House |
Match timeline
| 3:01 | Kenzo · wall_segment Palisade Wall x1 |
| 6:22 | Kenzo · wall_segment Palisade Wall x1 |
| 6:43 | _Air_Student · wall_segment Palisade Wall x18 |
| 7:53 | _Air_Student · wall_segment Palisade Wall x6 |
| 7:56 | _Air_Student · wall_segment Palisade Wall x2 |
| 7:58 | _Air_Student · wall_segment Palisade Wall x5 |
| 8:57 | _Air_Student · first_building Barracks |
| 10:11 | _Air_Student · wall_segment Palisade Wall x9 |
| 10:19 | 1021513861 · first_building Barracks |
| 11:31 | 2165640756 · wall_segment Palisade Wall x12 |
| 11:52 | 2165640756 · wall_segment Palisade Wall x8 |
| 12:00 | 2165640756 · wall_segment Palisade Wall x15 |
| 12:04 | 2165640756 · wall_segment Palisade Wall x9 |
| 12:51 | 1021513861 · first_building Stable |
| 12:53 | _Air_Student · first_building Archery Range |
| 13:13 | Nick76Luo · first_market_sell 100 wood |
| 13:59 | _Air_Student · first_building Stable |
| 14:39 | Kenzo · wall_segment Stone Wall x7 |
| 14:59 | 1021513861 · wall_segment Stone Wall x11 |
| 15:37 | 1021513861 · wall_segment Stone Wall x19 |
| 15:58 | Boundless316 · first_building Barracks |
| 16:47 | Gabe Lackeyes · first_building Barracks |
| 17:00 | Kenzo · first_building Barracks |
| 17:07 | Boundless316 · first_building Stable |
| 18:07 | Gabe Lackeyes · wall_segment Stone Wall x4 |
| 18:18 | Gabe Lackeyes · wall_segment Stone Wall x48 |
| 18:27 | Gabe Lackeyes · wall_segment Stone Wall x3 |
| 18:55 | Gabe Lackeyes · first_building Stable |
| 19:54 | 2165640756 · wall_segment Stone Wall x2 |
| 20:50 | Laboule · first_building Castle |
| 23:41 | 2165640756 · first_building Barracks |
| 24:33 | Nick76Luo · first_building Monastery |
| 24:47 | 1021513861 · first_building Castle |
| 25:16 | Boundless316 · first_building Monastery |
| 26:24 | Kenzo · first_building Monastery |
| 26:56 | Gabe Lackeyes · wall_segment Stone Wall x27 |
| 27:02 | Kenzo · wall_segment Stone Wall x21 |
| 27:09 | Laboule · first_building Siege Workshop |
| 27:18 | Kenzo · first_building Castle |
| 27:28 | Boundless316 · first_building Castle |
| 27:45 | Gabe Lackeyes · wall_segment Stone Wall x1 |
| 28:26 | 2165640756 · first_building Siege Workshop |
| 29:26 | 2165640756 · wall_segment Stone Wall x1 |
| 29:32 | 2165640756 · wall_segment Stone Wall x11 |
| 29:36 | 2165640756 · wall_segment Stone Wall x1 |
| 29:45 | 2165640756 · wall_segment Stone Wall x15 |
| 29:46 | 2165640756 · wall_segment Stone Wall x1 |
| 29:51 | 2165640756 · wall_segment Stone Wall x10 |
| 30:33 | Kenzo · first_building Stable |
| 30:34 | 2165640756 · first_building Archery Range |
| 31:09 | Gabe Lackeyes · first_building Siege Workshop |
| 31:34 | Boundless316 · first_building Siege Workshop |
| 31:41 | Nick76Luo · first_building Barracks |
| 31:42 | 2165640756 · first_building Castle |
| 31:48 | 2165640756 · wall_segment Stone Wall x5 |
| 32:07 | 1021513861 · first_building Siege Workshop |
| 32:22 | 1021513861 · first_market_sell 100 food |
| 35:45 | _Air_Student · first_building Monastery |
| 36:08 | _Air_Student · first_building Siege Workshop |
| 36:55 | Kenzo · wall_segment Stone Wall x11 |
| 39:29 | Gabe Lackeyes · first_building Monastery |
| 40:49 | 1021513861 · first_market_buy 100 food |
| 42:00 | Laboule · first_building Barracks |
| 42:11 | Boundless316 · first_building Archery Range |
| 43:17 | 1021513861 · wall_segment Stone Wall x17 |
| 44:09 | Nick76Luo · first_building Castle |
| 44:40 | Kenzo · first_building Siege Workshop |
| 45:39 | _Air_Student · first_building Castle |
| 46:19 | 1021513861 · wall_segment Stone Wall x15 |
| 50:00 | Kenzo · first_market_buy 500 wood |
| 50:08 | Nick76Luo · resign |
| 50:15 | Gabe Lackeyes · first_building Castle |
[ AI ANALYSIS · 1 CREDIT ]
What really happened in this match?
Wolo.gg analyzes every decision: build order, eco, micro, common mistakes by bracket. Personalized analysis on WhatsApp or Discord in 30 seconds.
Civ guide
Turks
Perfil
Jugador #22297766